 Dungeon Crawl Stone Soup version 0.22-a0-422-g9628fc8 (webtiles) character file.

443156 Borgoz the Brawler (level 24, -4/214 HPs)
             Began as a Ghoul Gladiator on May 21, 2018.
             Was a High Priest of Okawaru.
             Killed from afar by a titan (11 damage)
             ... with a bolt of lightning
             ... on level 4 of the Vaults.
             The game lasted 03:21:29 (62266 turns).

Borgoz the Brawler (Ghoul Gladiator)               Turns: 62266, Time: 03:21:30

Health: -4/214     AC: 27    Str: 23    XL:     24   Next: 14%
Magic:  0/35       EV: 21    Int:  5    God:    Okawaru [*****.]
Gold:   4204       SH:  9    Dex: 21    Spells: 37/42 levels left

rFire    + + .     SeeInvis +     - Unarmed
rCold    + . .     Gourm    .   T - +3 buckler {reflect}
rNeg     + + +     Faith    .   N - +7 chain mail "Xeggar" {MR+ Int+2}
rPois    ∞         Spirit   +   p - +2 hat {MR+}
rElec    .         Reflect  +   R - scarf {rC+ rF+}
rCorr    .         Harm     .   (no gloves)
MR       ++++.                  V - +2 pair of boots {run}
Stlth    ..........             X - amulet of guardian spirit
HPRegen  0.00/turn              H - ring of Existentialism {MR+ Str+2 SInv}
MPRegen  0.24/turn              A - ring of Xom's Capriciousness {Fire +Fly Dex+3}

@: very slightly contaminated, rotting, quick
A: rotting body, claws 1, carnivore, cold resistance 1, negative energy
resistance 3, inhibited regeneration, torment resistance, unbreathing
}: 2/15 runes: decaying, gossamer
a: Heroism, Finesse, Renounce Religion, Evoke Flight


You were on level 4 of the Vaults.
You worshipped Okawaru.
Okawaru was extremely pleased with you.
You were not hungry.

You visited 9 branches of the dungeon, and saw 41 of its levels.
You visited the Abyss 1 time.
You also visited: Labyrinth, Ossuary, Bailey, Ice Cave, Volcano, Wizlab and Desolation.

You collected 4831 gold pieces.
You spent 627 gold pieces at shops.

Inventory:

Missiles
 c - 6 throwing nets (quivered)
Armour
 p - a +2 hat of magic resistance (worn)
 C - a +1 pair of boots of flying
 N - the +7 chain mail "Xeggar" (worn) {MR+ Int+2}
   (You found it on level 1 of the Abyss)

   It affects your intelligence (+2).
   It affects your resistance to hostile enchantments.
 O - a scarf of repulsion
 R - a scarf of resistance (worn)
 T - a +3 buckler of reflection (worn)
 V - a +2 pair of boots of running (worn)
 Y - the +0 plate armour of Nicire {Slay+2 SInv}
   (Okawaru gifted it to you on level 4 of the Vaults)

   It affects your accuracy and damage with ranged weapons and melee attacks
   (+2).
   It lets you see invisible.
Jewellery
 a - an uncursed ring of protection from magic
 A - the ring of Xom's Capriciousness (right claw) {Fire +Fly Dex+3}
   (You found it in the Desolation of Salt)

   [ring of fire]

   It enhances your fire magic.
   It affects your dexterity (+3).
   It protects you from fire.
   It makes you vulnerable to cold.
   It lets you fly.
 H - the ring of Existentialism (left claw) {MR+ Str+2 SInv}
   (You took it off a deep elf elementalist on level 3 of the Elven Halls)

   [ring of see invisible]

   It affects your strength (+2).
   It affects your resistance to hostile enchantments.
   It lets you see invisible.
 L - an uncursed ring of fire
 S - an uncursed ring of resist corrosion
 U - a +3 ring of strength
 X - an amulet of guardian spirit (around neck)
Wands
 f - a wand of disintegration (62)
 i - a wand of paralysis (70)
 j - a wand of flame (131)
 n - a wand of acid (23)
 r - a wand of clouds (8)
 y - a wand of random effects (21)
 M - a wand of iceblast (40)
 P - a wand of digging (83)
 W - a wand of polymorph (23)
Scrolls
 b - a scroll of magic mapping
 h - 20 scrolls of remove curse
 k - 6 scrolls of fear
 l - 7 scrolls of fog
 m - 8 scrolls of teleportation
 o - 3 scrolls of summoning
 s - 4 scrolls of enchant armour
 t - 12 scrolls of identify
 B - 3 scrolls of brand weapon
 D - 2 scrolls of amnesia
 F - 2 scrolls of silence
 G - 3 scrolls of torment
 K - 2 scrolls of blinking
Potions
 e - 5 potions of heal wounds
 g - 4 potions of flight
 q - 12 potions of curing
 u - 8 potions of might
 v - 5 potions of magic
 w - 4 potions of cancellation
 x - 5 potions of agility
 z - 2 potions of invisibility
 E - a potion of resistance
 I - 3 potions of ambrosia
 Q - a potion of haste
Comestibles
 d - 69 rations
 J - 8 chunks of flesh


   Skills:
 + Level 17.2 Fighting
 - Level 1.8 Throwing
 + Level 17.2 Armour
 + Level 17.4 Dodging
 - Level 0.4 Stealth
 - Level 5.9 Shields
 + Level 17.4 Unarmed Combat
 + Level 9.7 Spellcasting
 - Level 7.1 Charms
 - Level 7.2 Necromancy
 + Level 8.2 Translocations
 + Level 16.5 Invocations
 - Level 2.1 Evocations


You had 37 spell levels left.
You knew the following spells:

 Your Spells              Type           Power        Failure   Level  Hunger
a - Blink                 Tloc           N/A          4%          2    ##.....
b - Regeneration          Chrm/Necr      #.........   12%         3    ###....

Your spell library contained the following spells:

 Spells                   Type           Power        Failure   Level  Hunger
 Cause Fear               Hex            #.........   100%        4    #####..
 Magic Dart               Conj           #...         61%         1    #......
 Fireball                 Conj/Fire      #.........   100%        5    ######.
 Conjure Flame            Conj/Fire      #.......     93%         3    ###....
 Bolt of Fire             Conj/Fire      #.........   100%        6    #######
 Lightning Bolt           Conj/Air       #.........   100%        5    ######.
 Bolt of Magma            Conj/Fire/Erth #.........   100%        5    ######.
 Slow                     Hex            #.......     75%         2    ##.....
 Confuse                  Hex            #.......     93%         3    ###....
 Throw Flame              Conj/Fire      #.....       75%         2    ##.....
 Freezing Cloud           Conj/Ice/Air   #.........   100%        6    #######
 Mephitic Cloud           Conj/Pois/Air  #.......     93%         3    ###....
 Venom Bolt               Conj/Pois      #.........   100%        5    ######.
 Olgreb's Toxic Radiance  Pois           #.......     100%        4    #####..
 Teleport Other           Tloc           ##......     9%          3    ###....
 Death's Door             Chrm/Necr      #.........   100%        8    #######
 Bolt of Draining         Conj/Necr      #.........   99%         5    ######.
 Iskenderun's Mystic Bla  Conj           #.......     100%        4    #####..
 Animate Dead             Necr           N/A          36%         4    #####..
 Pain                     Necr           #...         4%          1    #......
 Animate Skeleton         Necr           N/A          4%          1    #......
 Vampiric Draining        Necr           #.........   12%         3    ###....
 Haunt                    Necr/Summ      #.........   100%        7    #######
 Borgnjor's Revivificati  Necr           #.........   100%        8    #######
 Sticky Flame             Conj/Fire      #.......     100%        4    #####..
 Summon Ice Beast         Ice/Summ       #.......     100%        4    #####..
 Ozocubu's Armour         Chrm/Ice       #.......     50%         3    ###....
 Call Imp                 Summ           #.......     75%         2    ##.....
 Dispel Undead            Necr           #.......     73%         5    ######.
 Sublimation of Blood     Necr           #.........   6%          2    ##.....
 Tukima's Dance           Hex            #.......     93%         3    ###....
 Corpse Rot               Necr           N/A          6%          2    ##.....
 Iron Shot                Conj/Erth      #.........   100%        6    #######
 Shock                    Conj/Air       #...         61%         1    #......
 Swiftness                Chrm/Air       #.......     28%         2    ##.....
 Agony                    Necr           #.......     73%         5    ######.
 Spider Form              Tmut/Pois      #.........   93%         3    ###....
 Blade Hands              Tmut           #.........   100%        5    ######.
 Statue Form              Tmut/Erth      #........    100%        6    #######
 Ice Form                 Ice/Tmut       #.......     100%        4    #####..
 Dragon Form              Tmut           #.........   100%        7    #######
 Necromutation            Tmut/Necr      #.........   100%        8    #######
 Deflect Missiles         Chrm/Air       #.........   100%        6    #######
 Flame Tongue             Conj/Fire      #....        61%         1    #......
 Passwall                 Tmut/Erth      #.........   75%         2    ##.....
 Ignite Poison            Fire/Tmut/Pois #.......     93%         3    ###....
 Sticks to Snakes         Tmut           #.......     75%         2    ##.....
 Call Canine Familiar     Summ           #.......     93%         3    ###....
 Ensorcelled Hibernation  Hex/Ice        #.....       75%         2    ##.....
 Summon Butterflies       Summ           #.......     61%         1    #......
 Silence                  Hex/Air        #.........   100%        5    ######.
 Shatter                  Erth           #.........   100%        9    #######
 Static Discharge         Conj/Air       #.......     93%         3    ###....
 Corona                   Hex            #......      61%         1    #......
 Alistair's Intoxication  Tmut/Pois      #.......     100%        5    ######.
 Lee's Rapid Deconstruct  Erth           #.........   100%        5    ######.
 Simulacrum               Ice/Necr       #.........   100%        6    #######
 Excruciating Wounds      Chrm/Necr      #.........   75%         5    ######.
 Petrify                  Tmut/Erth      #.......     100%        4    #####..
 Passage of Golubria      Tloc           N/A          26%         4    #####..
 Tornado                  Air            #.........   100%        9    #######
 Leda's Liquefaction      Hex/Erth       #.........   100%        4    #####..
 Summon Hydra             Summ           #.........   100%        7    #######
 Shroud of Golubria       Chrm/Tloc      ##........   4%          2    ##.....
 Inner Flame              Hex/Fire       #.......     93%         3    ###....
 Beastly Appendage        Tmut           #.....       61%         1    #......
 Fulminant Prism          Conj/Hex       #.........   100%        4    #####..
 Dazzling Spray           Conj/Hex       #.....       93%         3    ###....
 Force Lance              Conj/Tloc      #.......     82%         4    #####..
 Searing Ray              Conj           #.....       75%         2    ##.....
 Discord                  Hex            #.........   100%        8    #######
 Dragon's Call            Summ           #.........   100%        9    #######
 Summon Mana Viper        Hex/Summ       #.......     100%        5    ######.
 Hydra Form               Tmut           #.........   100%        6    #######
 Irradiate                Conj/Tmut      #.........   100%        5    ######.
 Gell's Gravitas          Tloc           ##........   9%          3    ###....
 Yara's Violent Unravell  Hex/Tmut       #.........   100%        5    ######.
 Infestation              Necr           #.........   100%        8    #######
 Lesser Beckoning         Tloc           ##........   9%          3    ###....
 Poisonous Vapours        Pois/Air       #.....       75%         2    ##.....
 Ignition                 Fire           #.........   100%        8    #######


Dungeon Overview and Level Annotations

Branches:
Dungeon (15/15)            Temple (1/1) D:6            Lair (6/6) D:10
  Swamp (4/4) Lair:2       Spider (4/4) Lair:4        Slime (0/5) Lair:5
    Orc (2/2) D:11            Elf (3/3) Orc:2        Vaults (5/5) D:14
  Crypt (0/3) Vaults:2     Depths (1/5) D:15

Altars:
Ashenzari
Cheibriados
Dithmenos
Elyvilon
Fedhas
Gozag
Hepliaklqana
Kikubaaqudgha
Makhleb
Nemelex Xobeh
Okawaru
Qazlal
Ru
Sif Muna
Trog
Uskayaw
Vehumet
Wu Jian
Xom
Yredelemnul
Zin
The Shining One
Beogh
Jiyva

Shops:
D:7 (   D:8 %   D:9 (   D:15 *   Orc:2 *?!(   Vaults:3 :

Annotations:
Lair:5 1 runed door


Innate Abilities, Weirdness & Mutations

Your body is rotting away.
You thrive on raw meat.
You are immune to poison.
You have sharp fingernails.
You are carnivorous and can eat meat at any time.
Your flesh is cold resistant. (rC+)
You are immune to negative energy. (rN+++)
You do not regenerate when monsters are visible.
You are immune to unholy pain and torment.
You can survive without breathing.


Message History

A shadow dragon and a deep troll shaman come into view.
The titan waves its arms in wide circles.
The air twists around and strikes you!
* * * LOW HITPOINT WARNING * * *
You climb upwards.
There is a stone staircase leading down here.
You are too injured to fight recklessly!
You scratch the titan but do no damage. The titan hits you!!!
* * * LOW HITPOINT WARNING * * *
Unknown command.
Eat one of 9 chunks of flesh? (ye/n/q)
You eat one of the 9 chunks of flesh.
This raw flesh tastes great!
The titan casts a spell at you. The bolt of lightning hits you!
* * * LOW HITPOINT WARNING * * *
Unknown command.
Okay, then.
The titan points at you and mumbles some strange words.
The bolt of lightning hits you!
You die...

...#......#.............#....#
...#......#.....<.......#....#
...#......#....)[.......#....#
...#......#.............#....#
##'#......#...[.........#....#
..........####+##########....#
.............................#
............####'##+#........#
............#...@...#........#
............#..C....#........#
............#..>....#........#
............#.......#........#
............#.......#........#
............#.......#........#
............####'##########..#
..............#...........#..#
####'####.....#...........#..#


You could see a titan.

Vanquished Creatures
  the Lernaean hydra (Swamp:4)
  Nikola (Spider:1)
  A Cloud Mage (WizLab)
  Jorgrun (Elf:3)
  3 tentacled monstrosities
  A lich (Vaults:3)
  A titan (Vaults:4)
  A quicksilver dragon (Vaults:4)
  2 deep elf master archers (Elf:3)
  3 deep elf blademasters
  Asterion (Spider:3)
  3 sphinxes
  2 thorn hunters (Swamp:4)
  A shadow dragon (Vaults:4)
  Roxanne (Spider:3)
  3 storm dragons (Vaults:4)
  Donald (Spider:3)
  Kirke (Spider:3)
  A tengu reaver (Vaults:4)
  2 imperial myrmidons
  5 deep elf sorcerers
  4 ghost moths (Spider:4)
  2 fire giants
  An iron dragon (Vaults:4)
  2 frost giants
  2 orc warlords (Orc:2)
  10 emperor scorpions
  10 vault wardens
  Aizul (Vaults:3)
  6 stone giants
  3 deep elf elementalists
  18 ironheart preservers
  3 very ugly things
  6 entropy weavers
  2 war gargoyles
  A vampire knight (D:14)
  Azrael (D:12)
  A halazid warlock (Desolation)
  9 deep elf demonologists
  7 deep elf annihilators
  A red draconian (Volcano)
  3 spark wasps
  A minotaur (Lab)
  4 deep elf death magi (Elf:3)
  2 blizzard demons (WizLab)
  4 crystal guardians (Desolation)
  The ghost of Findor the Cleaver, a journeyman OgBe of Trog (Lair:2)
  An ettin (Vaults:4)
  2 ragged hierophants (Desolation)
  2 deep elf high priests (Elf:3)
  2 great orbs of eyes
  6 yaktaur captains
  9 ogre magi
  5 servants of whispers (Desolation)
  37 vault guards
  A spriggan air mage (WizLab)
  17 hydras
  12 peacekeepers
  A rakshasa (Vaults:3)
  5 centaur warriors
  3 ice dragons
  6 ghost crabs
  4 merfolk avatars (Swamp:4)
  A death knight (D:13)
  33 two-headed ogres
  10 death yaks
  24 dancing weapons
  8 alligators
  A vampire mage (D:12)
  2 deep troll shamans
  3 tengu warriors (D:15)
  A deep troll earth mage (Vaults:4)
  A large abomination (Elf:3)
  5 orc high priests (Orc:2)
  Sonja (D:10)
  21 deep elf knights
  A fire crab (Lair:5)
  4 shadow wraiths
  A skeletal warrior (D:13)
  A spriggan druid (Swamp:3)
  5 unseen horrors
  2 flayed ghosts
  20 deep trolls
  12 swamp dragons
  18 deep elf archers
  2 glowing orange brains
  A glowing orange brain (shapeshifter) (Vaults:2)
  2 phantasmal warriors
  A shambling mangrove (Swamp:1)
  The ghost of toffzen the Destroyer, a novice DECj of Sif Muna (D:8)
  49 deep elf magi
  2 necromancers
  22 ironbrand convokers
  5 wizards
  15 orc knights
  35 ugly things
  A harpy (Vaults:2)
  24 orb spiders
  6 orc sorcerers
  2 mana vipers (shapeshifter)
  3 manticores
  A stone giant zombie (Vaults:4)
  2 tengu zombies
  A moth of wrath (shapeshifter) (Vaults:5)
  6 cyclopes
  15 elephants
  38 wolf spiders
  Maurice (D:10)
  2 moths of wrath
  A human skeleton (Vaults:4)
  5 centaur zombies
  2 elephants (shapeshifter)
  An apocalypse crab (WizLab)
  3 guardian serpents (Desolation)
  A torpor snail (Spider:1)
  9 vault sentinels
  4 molten gargoyles
  An eye of devastation (shapeshifter) (D:15)
  A smoke demon (Abyss:1)
  An ice statue (IceCv)
  16 spiny frogs
  A stone giant skeleton (Vaults:4)
  7 black mambas
  A naga mage (D:15)
  A gargoyle (D:12)
  6 centaur skeletons
  4 rime drakes
  22 yaktaurs
  15 demonic crawlers
  5 komodo dragons
  2 tengu conjurers
  3 freezing wraiths
  9 trolls
  40 jumping spiders
  A merfolk (shapeshifter) (Elf:1)
  A queen bee (D:9)
  3 meliai (shapeshifter)
  9 tyrant leeches
  2 polar bears (shapeshifter)
  A wind drake (shapeshifter) (Vaults:1)
  25 hornets
  51 saltlings
  27 slime creatures
  16 polar bears
  7 dream sheep (Lair:6)
  A wolf spider simulacrum (D:15)
  A hornet (shapeshifter) (Vaults:4)
  5 bog bodies
  11 blink frogs
  A centaur simulacrum (D:14)
  5 hippogriffs
  A stone giant simulacrum (Vaults:2)
  32 flying skulls
  80 redbacks
  A fire giant simulacrum (Vaults:3)
  3 shadows
  12 air elementals
  A spriggan (shapeshifter) (Vaults:2)
  29 tarantellas
  22 spriggans
  3 wyverns
  4 water elementals
  59 yaks
  5 basilisks
  8 vampires
  5 hogs (Spider:3)
  2 humans (shapeshifter)
  3 wraiths
  17 vampire mosquitoes
  4 fire elementals
  A steam dragon (Lair:3)
  6 hungry ghosts
  12 wargs
  13 insubstantial wisps
  An acid dragon (Vaults:1)
  3 soldier ants
  23 water moccasins
  21 swamp worms
  The ghost of Thaneod the Gusty, an amateur DEAE (D:3)
  72 orc warriors
  10 porcupines
  14 swamp drakes
  15 ice beasts
  2 phantoms
  3 sky beasts
  3 ettin simulacra
  An eye of draining (D:14)
  6 black bears (Lair:6)
  33 ogres
  9 boggarts
  46 wolves
  9 centaurs
  11 crocodiles
  A big kobold (D:10)
  A big kobold (shapeshifter) (Vaults:3)
  16 bullfrogs
  4 earth elementals
  2 wyvern zombies
  2 water moccasin zombies (Ossuary)
  A wyvern skeleton (D:11)
  A scorpion (shapeshifter) (Vaults:3)
  39 killer bees
  5 scorpions
  A water moccasin skeleton (D:4)
  An elf simulacrum (Vaults:4)
  An orc simulacrum (Vaults:1)
  4 wights (D:8)
  A spriggan skeleton (Lab)
  7 electric eels
  A howler monkey (D:10)
  A howler monkey (shapeshifter) (Vaults:4)
  A vampire bat (D:3)
  4 human simulacra (Vaults:2)
  5 lava snakes (Volcano)
  7 crimson imps
  2 bullfrog zombies
  A quasit (D:7)
  Crazy Yiuf (D:5)
  3 bullfrog skeletons
  7 hounds
  32 orc priests
  7 human zombies (D:12)
  3 jellies
  Terence (D:2)
  3 iguanas
  27 orc wizards
  9 worker ants
  4 big kobold zombies (Ossuary)
  An ogre skeleton (Lab)
  A worker ant zombie (D:7)
  2 mummies (Ossuary)
  16 gnolls
  11 adders
  3 shadow imps
  A white imp (D:14)
  An ooze (D:1)
  9 adder zombies
  A worm (D:2)
  5 fire bats
  8 leopard geckos
  113 orcs
  2 spectral bats (D:3)
  3 bat skeletons (D:3)
  A bat zombie (D:3)
  8 giant cockroaches
  A gnoll zombie (Ossuary)
  8 goblins
  2 hobgoblins
  32 jackals
  4 quokkas
  2 ball pythons
  17 bats
  A bat simulacrum (D:3)
  7 frilled lizards
  7 hobgoblin zombies (Ossuary)
  11 kobolds
  5 kobold zombies (Ossuary)
  4 orc zombies (Ossuary)
  A quokka skeleton (D:4)
  9 rats
  A briar patch (Swamp:4)
  A bush (Lair:6)
  2 fungi (D:1)
2107 creatures vanquished.

Vanquished Creatures (others)
  2 blizzard demons (WizLab)
  A centaur warrior (Vaults:2)
  A spriggan air mage (WizLab)
  An alligator (Swamp:3)
  A shock serpent (WizLab)
  A deep elf mage (Vaults:4)
  A vault sentinel (Vaults:2)
  2 jumping spiders (Spider:1)
  2 air elementals (WizLab)
  A tarantella (Spider:1)
  2 insubstantial wisps (Swamp:3)
  3 ogres
  2 boggarts
  2 briar patches (Swamp:4)
  17 fungi
  6 plants
45 creatures vanquished.

Grand Total: 2152 creatures vanquished

Notes
Turn   | Place    | Note
-------+----------+-------------------------------------------
     0 | D:1      | Borgoz the Ghoul Gladiator began the quest for the Orb.
     0 | D:1      | Reached XP level 1. HP: 17/17 MP: 0/0
    79 | D:1      | Reached XP level 2. HP: 24/24 MP: 1/1
   400 | D:1      | Reached XP level 3. HP: 22/30 MP: 2/2
  1154 | D:2      | Reached XP level 4. HP: 35/37 MP: 3/3
  1219 | D:2      | Noticed Terence
  1225 | D:2      | Reached skill level 1 in Armour
  1243 | D:2      | Killed Terence
  1260 | D:2      | Reached XP level 5. HP: 21/42 MP: 4/4
  1356 | D:2      | Reached skill level 5 in Unarmed Combat
  1684 | D:2      | Found a deep blue altar of Sif Muna.
  1709 | D:2      | Reached XP level 6. HP: 20/51 MP: 5/5
  1783 | D:2      | Found a white marble altar of Elyvilon.
  1946 | D:2      | Found an iron altar of Okawaru.
  1954 | D:2      | Became a worshipper of Warmaster Okawaru
  2286 | D:3      | Found a sacrificial altar of Ru.
  2353 | D:4      | Found a sand-covered staircase.
  2475 | D:4      | Reached XP level 7. HP: 47/57 MP: 6/6
  2694 | Ossuary  | Entered an ossuary
  2793 | Ossuary  | Reached * piety under Okawaru
  3402 | D:4      | Reached skill level 5 in Dodging
  3599 | D:3      | Noticed Thaneod's ghost (amateur DEAE)
  3605 | D:3      | Killed Thaneod's ghost
  3605 | D:3      | Reached XP level 8. HP: 54/67 MP: 7/7
  4280 | D:5      | Entered Level 5 of the Dungeon
  4559 | D:5      | You fall through a shaft for 3 floors!
  4564 | D:8      | Noticed toffzen's ghost (novice DECj)
  4579 | D:8      | Killed toffzen's ghost
  4579 | D:8      | Reached ** piety under Okawaru
  4579 | D:8      | Reached skill level 5 in Fighting
  4579 | D:8      | Reached skill level 5 in Armour
  5009 | D:7      | Found Nanoin's Weapon Emporium.
  5016 | D:7      | Reached skill level 1 in Invocations
  5016 | D:7      | Reached XP level 9. HP: 66/74 MP: 8/8
  5122 | D:7      | Found a basalt altar of Yredelemnul.
  5252 | D:7      | Found a shattered altar of Ashenzari.
  5420 | D:6      | Found a bloodstained altar of Trog.
  5496 | D:6      | Reached *** piety under Okawaru
  5520 | D:6      | Found an opulent altar of Gozag.
  5670 | D:5      | Found a shimmering altar of Xom.
  5939 | D:5      | Found a runed door.
  5943 | D:5      | Noticed Crazy Yiuf
  5948 | D:5      | Killed Crazy Yiuf
  6056 | D:6      | Found a staircase to the Ecumenical Temple.
  6065 | Temple   | Entered the Ecumenical Temple
  6561 | D:6      | Learned a level 2 spell: Blink
  6908 | D:7      | Found a sparkling altar of Nemelex Xobeh.
  7077 | D:7      | Reached **** piety under Okawaru
  7225 | D:8      | Noticed a two-headed ogre
  7235 | D:8      | Killed a two-headed ogre
  7235 | D:8      | Reached XP level 10. HP: 40/84 MP: 11/11
  7570 | D:8      | Found a shadowy altar of Dithmenos.
  7590 | D:8      | Found Yseclimn's Food Shop.
  7597 | D:8      | Reached ***** piety under Okawaru
  7823 | D:8      | Got a faintly humming plate armour
  8283 | D:9      | Found Vakuymn's Weapon Shoppe.
  8898 | D:10     | Entered Level 10 of the Dungeon
  8914 | D:9      | Reached XP level 11. HP: 38/92 MP: 10/13
  9147 | D:10     | Reached skill level 5 in Invocations
  9214 | D:10     | Received a gift from Okawaru
  9245 | D:10     | Noticed Maurice
  9245 | D:10     | Noticed a two-headed ogre
  9418 | D:10     | Killed a two-headed ogre
  9937 | D:10     | Noticed Sonja
  9955 | D:10     | Cast into level 1 of the Abyss (Sonja)
  9957 | Abyss:1  | Got a translucent chain mail
 10019 | Abyss:1  | Noticed a rakshasa
 10020 | Abyss:1  | Noticed a wretched star
 10040 | D:10     | Escaped the Abyss
 10048 | D:10     | Noticed a two-headed ogre
 10170 | D:9      | Identified the +6 plate armour of Heriaf {rF- rCorr Dex+8 Stlth+} (You found it on level 8 of the Dungeon)
 10201 | D:9      | Identified the +7 chain mail "Xeggar" {MR+ Int+2} (You found it on level 1 of the Abyss)
 10214 | D:10     | Killed Sonja
 10214 | D:10     | Reached skill level 1 in Evocations
 10338 | D:10     | Found a staircase to the Lair.
 10589 | D:10     | Killed Maurice
 11365 | D:11     | Noticed a two-headed ogre
 11381 | D:11     | Killed a two-headed ogre
 11381 | D:11     | Received a gift from Okawaru
 11597 | D:11     | Found a staircase to the Orcish Mines.
 11781 | D:12     | Received a gift from Okawaru
 11782 | D:12     | Found the +0 sword of Power
 11792 | D:12     | Noticed a two-headed ogre
 11866 | D:11     | Reached XP level 12. HP: 21/103 MP: 15/15
 12217 | D:12     | Killed a two-headed ogre
 12421 | D:12     | Reached skill level 10 in Dodging
 12752 | D:12     | Noticed a five-headed hydra
 13086 | D:11     | Killed a five-headed hydra
 13114 | D:12     | Received a gift from Okawaru
 13269 | D:12     | Got a wavering iron amulet
 13272 | D:12     | Identified the amulet of Nomah {Regen+ Dex+3} (You took it off a vampire on level 12 of the Dungeon)
 13557 | D:12     | Reached skill level 10 in Armour
 13637 | D:12     | Noticed Azrael
 14005 | Orc:1    | Entered Level 1 of the Orcish Mines
 14107 | Orc:2    | Entered Level 2 of the Orcish Mines
 14172 | Orc:2    | Noticed an orc warlord
 14190 | Orc:1    | Noticed a stone giant
 14202 | Orc:1    | Killed a stone giant
 14202 | Orc:1    | Received a gift from Okawaru
 14526 | Orc:2    | Reached skill level 10 in Unarmed Combat
 14599 | Orc:2    | Noticed a two-headed ogre
 14599 | Orc:2    | Noticed a two-headed ogre
 14608 | Orc:2    | Killed a two-headed ogre
 14608 | Orc:2    | Reached XP level 13. HP: 101/111 MP: 17/17
 15217 | Orc:2    | Killed an orc warlord
 15526 | Orc:2    | Found a roughly hewn altar of Beogh.
 15730 | Orc:2    | Found Nuxaer's Distillery.
 15757 | Orc:2    | Bought a potion of haste for 150 gold pieces
 15757 | Orc:2    | Bought a potion of heal wounds for 75 gold pieces
 15757 | Orc:2    | Bought 3 potions of might for 180 gold pieces
 15825 | Orc:2    | Found Zusuraps's Weapon Shop.
 15855 | Orc:2    | Received a gift from Okawaru
 15862 | Orc:2    | Bought a potion of heal wounds for 75 gold pieces
 16074 | Orc:2    | Noticed an orc warlord
 16103 | Orc:2    | Killed an orc warlord
 16103 | Orc:2    | Received a gift from Okawaru
 16103 | Orc:2    | Received a gift from Okawaru
 16149 | Orc:2    | Reached skill level 10 in Fighting
 16334 | Orc:2    | Received a gift from Okawaru
 16486 | Orc:2    | Found a staircase to the Elven Halls.
 16521 | Orc:2    | Found the +8 demon blade "Leech" {vamp, rN+ AC-3 EV-3}
 16691 | Orc:2    | Found Onkiottan's Magic Scroll Emporium.
 16733 | Orc:2    | Bought a scroll of teleportation for 42 gold pieces
 16733 | Orc:2    | Bought a scroll of magic mapping for 49 gold pieces
 16733 | Orc:2    | Bought a scroll of identify for 28 gold pieces
 16733 | Orc:2    | Bought a scroll of identify for 28 gold pieces
 16781 | Orc:2    | Found Onielafo's Assorted Antiques.
 16814 | Orc:2    | Found a roughly hewn altar of Beogh.
 17175 | Orc:1    | Reached XP level 14. HP: 56/121 MP: 19/19
 17473 | D:12     | Received a gift from Okawaru
 17685 | D:12     | Killed Azrael
 18069 | D:12     | Received a gift from Okawaru
 18191 | D:12     | Reached ****** piety under Okawaru
 18874 | D:12     | Found an ancient bone altar of Kikubaaqudgha.
 19223 | Lair:1   | Entered Level 1 of the Lair of Beasts
 19472 | Lair:1   | Identified a +1 pair of boots of running (Okawaru gifted it to you on level 12 of the Dungeon)
 20674 | Lair:2   | Found a frozen archway.
 20791 | IceCv    | Entered an ice cave
 21702 | IceCv    | Noticed a frost giant
 21711 | IceCv    | Reached XP level 15. HP: 118/130 MP: 13/21
 21726 | IceCv    | Killed a frost giant
 21726 | IceCv    | Reached skill level 10 in Invocations
 21785 | IceCv    | Got an encrusted short sword
 21787 | IceCv    | Got a slimy hand axe
 21947 | Lair:2   | Received a gift from Okawaru
 22119 | Lair:2   | Found a staircase to the Swamp.
 22487 | Lair:1   | Identified the +4 short sword of the Silent Majority {drain, rC+} (You found it in an ice cave)
 22488 | Lair:1   | Identified the cursed +0 hand axe "Rehuif" {flame, Int+4} (You found it in an ice cave)
 22724 | Lair:1   | Identified 3 scrolls of acquirement
 22727 | Lair:1   | Got a twitching jade ring
 22756 | Lair:1   | Identified the ring of Ettiqer {rF+ rN+ MR- Stlth+} (You acquired it on level 1 of the Lair of Beasts)
 22838 | Lair:2   | Noticed Findor's ghost (journeyman OgBe)
 22870 | Lair:2   | Killed Findor's ghost
 23663 | Lair:4   | Found a hole to the Spider Nest.
 23668 | Lair:4   | Received a gift from Okawaru
 23854 | Lair:4   | Found a dark tunnel.
 23866 | Volcano  | Entered a volcano
 24093 | Volcano  | Found a radiant altar of Vehumet.
 25603 | Lair:5   | Received a gift from Okawaru
 26272 | Lair:5   | Found a runed door.
 26274 | Lair:5   | Found a viscous altar of Jiyva.
 26274 | Lair:5   | Noticed an azure jelly
 26275 | Lair:5   | Found a staircase to the Slime Pits.
 26275 | Lair:5   | Noticed an azure jelly
 26275 | Lair:5   | Noticed an azure jelly
 26325 | Lair:6   | Entered Level 6 of the Lair of Beasts
 26490 | Lair:6   | Reached XP level 16. HP: 121/139 MP: 23/23
 26547 | Lair:6   | Received a gift from Okawaru
 26756 | Lair:6   | Found a labyrinth entrance.
 26765 | Lab      | Entered a labyrinth
 27288 | Lab      | Got a spiked plate armour
 27367 | Lair:6   | Identified the +4 plate armour of Experimentation {rElec rCorr Int-2 Dex+5} (You found it in a labyrinth)
 27788 | Lair:6   | Got a translucent hand axe
 28799 | Lair:3   | Found the +8 whip "Snakebite" {curare, rPois}
 29437 | Lair:1   | Identified the +6 hand axe "Qiqae" {flame, rF- rC+++ rN+ Stlth+} (You found it on level 6 of the Lair of Beasts)
 29473 | Lair:1   | Got a sparkling lapis lazuli ring
 29475 | Lair:1   | Identified the ring of Maicixt {MP+9 Dex+3} (You acquired it on level 1 of the Lair of Beasts)
 29577 | Spider:1 | Entered Level 1 of the Spider Nest
 30571 | D:13     | Received a gift from Okawaru
 30572 | D:13     | Got a heavy robe {god gift}
 30583 | D:13     | Identified the +0 robe of Happy Babbling {rN++ Int+4 Slay-4} (Okawaru gifted it to you on level 13 of the Dungeon)
 30936 | D:14     | Found a gate to the Vaults.
 31059 | D:14     | Found a flagged portal.
 31069 | Bailey   | Entered a bailey
 31454 | Bailey   | Found a roughly hewn altar of Beogh.
 32103 | D:14     | Reached XP level 17. HP: 58/147 MP: 16/24
 32642 | D:15     | Entered Level 15 of the Dungeon
 32819 | D:15     | Found a staircase to the Depths.
 32835 | D:15     | Received a gift from Okawaru
 32857 | Depths:1 | Entered Level 1 of the Depths
 33385 | D:15     | Found Pesileps's Blood Bar.
 33401 | D:15     | Learned a level 3 spell: Regeneration
 33975 | Swamp:1  | Entered Level 1 of the Swamp
 34064 | Swamp:1  | Reached skill level 1 in Necromancy
 34649 | Swamp:1  | Reached skill level 1 in Spellcasting
 35844 | Swamp:2  | Reached skill level 15 in Dodging
 36459 | Swamp:3  | Received a gift from Okawaru
 37217 | Swamp:4  | Entered Level 4 of the Swamp
 37272 | Swamp:4  | Reached XP level 18. HP: 142/158 MP: 26/26
 37468 | Swamp:4  | Noticed the 27-headed Lernaean hydra
 37500 | Swamp:4  | Killed the 27-headed Lernaean hydra
 37500 | Swamp:4  | Reached skill level 15 in Armour
 37680 | Swamp:4  | Got a decaying rune of Zot
 38294 | Swamp:4  | Received a gift from Okawaru
 38890 | Spider:1 | Noticed Nikola
 38904 | Spider:1 | Killed Nikola
 39355 | Spider:1 | Reached skill level 5 in Necromancy
 40127 | Spider:2 | Received a gift from Okawaru
 40281 | Spider:2 | Reached XP level 19. HP: 105/167 MP: 22/28
 40969 | Spider:3 | Noticed Roxanne
 41005 | Spider:3 | Killed Roxanne
 41674 | Spider:3 | Noticed Donald
 42072 | Spider:3 | Killed Donald
 42148 | Spider:3 | Noticed Kirke
 42172 | Spider:3 | Killed Kirke
 42214 | Spider:3 | Noticed Asterion
 42233 | Spider:3 | Killed Asterion
 42358 | Spider:3 | Reached skill level 5 in Spellcasting
 42667 | Spider:3 | Reached skill level 15 in Unarmed Combat
 43207 | Spider:4 | Entered Level 4 of the Spider Nest
 43249 | Spider:4 | Received a gift from Okawaru
 45712 | Spider:4 | Got a gossamer rune of Zot
 46082 | Elf:1    | Entered Level 1 of the Elven Halls
 46105 | Elf:1    | Found a magical portal.
 46114 | WizLab   | Entered The Chambers of the Cloud Mage
 46343 | WizLab   | Noticed Kaotiaff
 46374 | WizLab   | Killed Kaotiaff the Cloud Mage
 46374 | WizLab   | Received a gift from Okawaru
 46387 | WizLab   | Got a translucent quarterstaff {god gift}
 46411 | WizLab   | Identified the Tome of Feathers
 46414 | WizLab   | Got a dazzling ring mail
 46426 | WizLab   | Got a translucent wooden ring
 46435 | WizLab   | Identified the +3 ring mail "Petiepyo" {Int+2 Dex+3 SInv} (You found it in a wizard's laboratory)
 46436 | WizLab   | Identified the +7 quarterstaff of Eribacoh {distort, *Noise rElec rC++} (Okawaru gifted it to you in a wizard's laboratory)
 46437 | WizLab   | Identified the cursed ring "Heplianeb" {rElec rF+ MR++ EV-3} (You found it in a wizard's laboratory)
 46443 | WizLab   | Got a jewelled falchion
 46564 | Elf:1    | Reached XP level 20. HP: 119/177 MP: 29/29
 46567 | Elf:1    | Found a ruined gateway.
 46611 | Desolati | Entered the Desolation of Salt
 46612 | Desolati | Identified the +4 falchion of Intimidation {elec, Dex+5} (You found it in a wizard's laboratory)
 46750 | Desolati | Reached skill level 15 in Fighting
 46871 | Desolati | Reached skill level 1 in Translocations
 46901 | Desolati | Reached skill level 1 in Charms
 47079 | Desolati | Identified Rucw's Guide on the Glacial Rocks
 47087 | Desolati | Identified the Catalogue of the Boiling Point
 47090 | Desolati | Got a coiled ivory ring
 47092 | Desolati | Identified the ring "Qebus" {+Fly rN++ Str-4} (You found it in the Desolation of Salt)
 47125 | Desolati | Received a gift from Okawaru
 47548 | Desolati | Got a scorched lapis lazuli ring
 47556 | Desolati | Got a brightly glowing brass ring
 47561 | Desolati | Identified the ring of Xom's Capriciousness {Fire +Fly Dex+3} (You found it in the Desolation of Salt)
 47563 | Desolati | Identified the ring "Plog" {Str+2 SInv} (You found it in the Desolation of Salt)
 48019 | Elf:1    | Received a gift from Okawaru
 48918 | Elf:1    | Noticed a Tzitzimitl
 48929 | Elf:1    | Received a gift from Okawaru
 49245 | Elf:2    | Found a runed gate.
 49246 | Elf:2    | Found a runed gate.
 49251 | Elf:2    | Found a runed gate.
 49598 | Elf:2    | Reached XP level 21. HP: 184/185 MP: 31/31
 49723 | Elf:2    | Got an ancient rapier
 49724 | Elf:2    | Identified the +7 rapier "Muruedos" {freeze, rF++ Str+3 Int+3} (You found it on level 2 of the Elven Halls)
 49751 | Elf:2    | Got a bloodstained bardiche
 49752 | Elf:2    | Identified the +6 bardiche "Rovanus" {flame, rF+++ Int-2 Dex+3 SInv} (You found it on level 2 of the Elven Halls)
 50224 | Elf:3    | Entered Level 3 of the Elven Halls
 50237 | Elf:3    | Noticed Jorgrun
 50251 | Elf:3    | Killed Jorgrun
 50742 | Elf:3    | Received a gift from Okawaru
 50842 | Elf:3    | Reached skill level 1 in Shields
 50915 | Elf:3    | Reached skill level 15 in Invocations
 52074 | Elf:3    | Received a gift from Okawaru
 52836 | Elf:3    | Got an encrusted whip {freeze}
 52860 | Elf:3    | Got a sparkling pewter ring
 52886 | Elf:3    | Identified the ring of Existentialism {MR+ Str+2 SInv} (You took it off a deep elf elementalist on level 3 of the Elven Halls)
 52944 | Elf:3    | Identified the Collected Works on Gliding Envenoming
 53241 | Vaults:1 | Entered Level 1 of the Vaults
 53417 | Vaults:1 | Identified the +3 whip "Capauja" {freeze, rF+} (You took it off a deep elf demonologist on level 3 of the Elven Halls)
 53557 | Vaults:1 | Reached skill level 5 in Translocations
 54300 | Vaults:1 | Reached skill level 5 in Charms
 55038 | Vaults:2 | Reached XP level 22. HP: 147/195 MP: 28/32
 55234 | Vaults:3 | Received a gift from Okawaru
 55777 | Vaults:2 | Found a staircase to the Crypt.
 56073 | Vaults:2 | Received a gift from Okawaru
 57738 | Vaults:3 | Reached skill level 5 in Shields
 57932 | Vaults:3 | Found Hajydais's Book Shop.
 58200 | Vaults:3 | Noticed Aizul
 58219 | Vaults:3 | Killed Aizul
 58330 | Vaults:3 | Reached XP level 23. HP: 203/203 MP: 34/34
 59038 | Vaults:4 | Received a gift from Okawaru
 60044 | Vaults:4 | Received a gift from Okawaru
 60086 | Vaults:4 | Got a brightly glowing plate armour {god gift}
 60100 | Vaults:4 | Identified the +0 plate armour of Nicire {Slay+2 SInv} (Okawaru gifted it to you on level 4 of the Vaults)
 60463 | Vaults:5 | Entered Level 5 of the Vaults
 61749 | Vaults:4 | Reached XP level 24. HP: 190/214 MP: 32/35
 62194 | Vaults:5 | Found the +9 staff of Olgreb {rPois}
 62264 | Vaults:4 | HP: 7/214 [titan/bolt of lightning (35)]
 62266 | Vaults:4 | Killed from afar by a titan

Vault maps used:
D:1:      tarquinn_simple_flora_water_d
D:2:      lemuel_doored_altar, minitemple, uniq_terence
D:3:      nicolae_ru_sacrificial_ziggurat, first_ration, goddamned_bats
D:4:      nicolae_ossuary_entry_false_entrances
D:5:      old_standard_altar, uniq_crazy_yiuf_cottage
D:6:      nicolae_overflow_crystal_walls, nicolae_gozag_seed_capital,
          minmay_temple_entry_mist, hangedman_decor_peaks_small
D:7:      ashenzari_altar_1, lemuel_round_altar, kennysheep_mini_moat,
          serial_shops, nicolae_shop_statue_plus, the_bakery,
          due_unseen_surprise
D:8:      nicolae_dithmenos_the_darkroom, serial_shops, nicolae_shop_waterfront
D:9:      serial_shops, shop, special_room
D:10:     lemuel_flame_loot_2, lair_entry_dummy, evilmike_butchery,
          uniq_maurice, uniq_sonja
D:11:     orc_0_dummy
D:12:     lemuel_vampire_tower, nooodl_orcs_dogs, uniq_azrael
D:13:     kennysheep_generic_room_15
D:14:     erik_vaults_2, serial_ice, serial_ice_o, serial_ice_a, serial_ice_h,
          serial_ice_j, nicolae_wwwww, enter_bailey_2
D:15:     grunt_enter_depths_magical_seal, guppyfry_shop_blood
Temple:   minmay_temple_curvy_loop
Lair:1:   minivault_27
Lair:2:   nicolae_swamp_entry_splash_gauntlet, portal_ice_cave_entry_ice_beasts,
          patterned_corridor
Lair:3:   minmay_guarded_unrand_snakebite, grunt_megastairs_5
Lair:4:   spider_nest_entry_a, enter_volcano_2
Lair:5:   slime_altar_2, nicolae_quartered_pool_little
Lair:6:   minmay_lair_end_enchanted_forest, lab_entry_generic,
          eino_small_chamber_without_monster, minmay_hedge_maze,
          infiniplex_staircase_pool
Swamp:1:  serial_swamp_ruin, evilmike_swamp_ruin_house_6,
          evilmike_swamp_ruin_house_2, swamp_pool1
Swamp:2:  hangedman_swamp_lotus, swamp_pool5, infiniplex_staircase_pool_2
Swamp:3:  evilmike_swamp_ruin_house_1
Swamp:4:  swamp_old_school, swamp_pool5, evilmike_swamp_ruin_wall,
          grunt_lady_of_the_lake
Spider:1: uniq_nikola
Spider:3: uniq_asterion, uniq_roxanne, uniq_donald, uniq_kirke
Spider:4: spider_rune_water, nicolae_orb_island
Orc:2:    pubby_orc_utopia
Elf:1:    portal_desolation_entry_nicolae_nacl, mu_enter_wizlab_6,
          evilmike_minifort
Elf:2:    lemuel_elevator
Elf:3:    elf_hall, uniq_jorgrun
Vaults:1: nicolae_vaults_what_the_h, st_diamondy, grunt_vaults_twisty,
          v_rooms_6, grunt_vaults_focal, v_pattern_2
Vaults:2: v_pattern_3, minmay_crypt_entry_simple_corners,
          nicolae_vaults_little_squares_6, ontoclasm_vaults_loading_screen,
          nicolae_vaults_murderbox, nicolae_vaults_three_branches,
          nicolae_vaults_disjoint_gnomons, vaults_room_boxed,
          ontoclasm_vaults_spin, ontoclasm_vaults_fault,
          dpeg_vaults_monster_box, ontoclasm_vaults_ring_large, stair_cage_open,
          v_misc_16, v_alt_pattern_1
Vaults:3: nicolae_vaults_little_squares_4, v_rooms_5,
          nicolae_vaults_mini_display_case, v_rooms_6,
          nicolae_vaults_branching_niches, vaults_dpeg_diagonal,
          vaults_room_door_hall, ontoclasm_vaults_tryst,
          hangedman_vaults_stagger, grunt_vaults_funnel, v_misc_14,
          nicolae_vaults_little_squares_2, nicolae_vaults_little_ls,
          serial_shops, shop, uniq_aizul
Vaults:4: v_rooms_1, v_misc_26, nicolae_vaults_yaktaur_gun_rack, v_misc_24,
          v_misc_22, vaults_room_semicircle, v_misc_5, vaults_room_corners,
          vaults_dpeg_ring, dpeg_vaults_monster_row
Depths:1: skrybe_limestone_x, hell_entry, serial_sigils_hangedman_leer,
          serial_sigils_hangedman_etch, nrook_mini_backslash,
          guppyfry_shop_venom, serial_bayou_shore_b
Abyss:2:  serial_sigils_hangedman_gut
Lab:      labyrinth_hidden_loot, nicolae_lab_arrow, lab_statue,
          nicolae_lab_checkerboard, labyrinth_skeletal_remains,
          nicolae_lab_blocks
Ossuary:  ossuary_tomb_2
Bailey:   bailey_polearm_2, bailey
IceCv:    ice_cave_caverns_02
Volcano:  volcano_lake
WizLab:   wizlab_cloud

Skill      XL: |  1  2  3  4  5  6  7  8  9 10 11 12 13 14 15 16 17 18 19 20 21 22 23 24 |
---------------+-------------------------------------------------------------------------+-----
Dodging        | 3 4 5 6 7 8 9 10 11 12 13 14 15 16 17 | 17.4
Unarmed Combat | 4 5 6 7 8 9 10 11 12 13 14 15 16 17 | 17.4
Armour         | 1 2 3 4 5 6 8 9 10 11 12 13 14 15 16 17 | 17.2
Fighting       | 3 4 5 6 7 8 9 10 11 12 13 14 15 16 17 | 17.2
Invocations    | 1 3 4 6 7 8 9 10 11 12 13 14 15 16 | 16.5
Evocations     | 2 |  2.1
Necromancy     | 3 5 7 |  7.2
Spellcasting   | 2 4 6 7 8 9 |  9.7
Translocations | 3 5 6 7 8 |  8.2
Charms         | 3 5 6 7 |  7.1
Shields        | 3 5 |  5.9
Throwing       | |  1.8
Stealth        | |  0.4

Action                   |  1- 3 |  4- 6 |  7- 9 | 10-12 | 13-15 | 16-18 | 19-21 | 22-24 || total
-------------------------+-------+-------+-------+-------+-------+-------+-------+-------++-------
Melee: Unarmed           |   169 |   266 |   523 |  1089 |  2202 |  2447 |  2212 |  1824 || 10732
       Punch             |     1 |    11 |    15 |    44 |   131 |   210 |   176 |       ||   588
 Cast: Blink             |       |       |       |       |       |       |       |     4 ||     4
Invok: Heroism           |       |       |     2 |    18 |    33 |    32 |    42 |    16 ||   143
       Finesse           |       |       |       |       |     7 |     9 |    15 |     6 ||    37
Evoke: Wand              |       |       |     3 |    13 |     2 |     1 |     4 |     3 ||    26
  Use: Scroll            |       |       |     6 |     9 |    25 |     8 |    17 |     5 ||    70
       Potion            |       |       |     2 |     5 |     4 |     3 |     7 |       ||    21
 Stab: Sleeping          |       |     1 |       |       |       |       |       |       ||     1
       Confused          |       |       |       |     2 |       |     1 |       |       ||     3
       Distracted        |       |       |       |       |       |       |       |     1 ||     1
  Eat: Chunk             |    10 |    45 |    25 |    82 |   177 |   196 |   124 |   147 ||   806
       Ration            |       |       |       |     1 |       |       |     1 |       ||     2
Armor: Leather armour    |    50 |    96 |       |       |       |       |       |       ||   146
       Scale mail        |       |       |   181 |   188 |       |       |       |       ||   369
       Chain mail        |       |       |       |   351 |   982 |  1255 |  1029 |   538 ||  4155
Dodge: Dodged            |    94 |   282 |   274 |   857 |  1458 |  2198 |  2109 |  1112 ||  8384
Block: Buckler           |       |       |       |       |       |       |   301 |   675 ||   976
       Reflection        |       |       |       |       |       |       |    13 |    28 ||    41

Table legend:
 A = Spawn XP
 B = Non-spawn XP
 C = Spawn XP percentage of total XP
 D = Spawn monster count
 E = Non-spawn monster count
 F = Spawn count percentage of total count
 G = Total turns spent on level
                    A         B        C        D         E        F      G
               +---------+---------+-------+---------+---------+-------+---------
         Total |     439 |  849952 |   0.1 |       1 |    2111 |   0.0 | 62266
               +---------+---------+-------+---------+---------+-------+---------
           D:1 |       0 |      80 |   0.0 |       0 |      45 |   0.0 |  1147
           D:2 |       0 |     297 |   0.0 |       0 |      35 |   0.0 |   829
           D:3 |       0 |     438 |   0.0 |       0 |      41 |   0.0 |  1043
           D:4 |       0 |     205 |   0.0 |       0 |      10 |   0.0 |   762
           D:5 |       0 |     264 |   0.0 |       0 |       7 |   0.0 |   769
           D:6 |       0 |    1086 |   0.0 |       0 |      22 |   0.0 |   898
           D:7 |       0 |     736 |   0.0 |       0 |      12 |   0.0 |   587
           D:8 |       0 |    2549 |   0.0 |       0 |      20 |   0.0 |  1219
           D:9 |       0 |    3311 |   0.0 |       0 |      53 |   0.0 |  1295
          D:10 |       0 |    5175 |   0.0 |       0 |      37 |   0.0 |  1541
          D:11 |       0 |    4792 |   0.0 |       0 |      29 |   0.0 |  2381
          D:12 |       0 |   17844 |   0.0 |       0 |      81 |   0.0 |  2658
          D:13 |       0 |    5250 |   0.0 |       0 |      16 |   0.0 |   852
          D:14 |       0 |   22205 |   0.0 |       0 |      47 |   0.0 |  1236
          D:15 |       0 |   18720 |   0.0 |       0 |      39 |   0.0 |  1089
        Lair:1 |       0 |    3812 |   0.0 |       0 |      21 |   0.0 |  1951
        Lair:2 |       0 |   11351 |   0.0 |       0 |      50 |   0.0 |  1372
        Lair:3 |       0 |   12833 |   0.0 |       0 |      34 |   0.0 |  1597
        Lair:4 |       0 |   12738 |   0.0 |       0 |      26 |   0.0 |  2000
        Lair:5 |       0 |    6451 |   0.0 |       0 |      24 |   0.0 |   820
        Lair:6 |       0 |   23303 |   0.0 |       0 |      98 |   0.0 |  1411
       Swamp:1 |       0 |    7910 |   0.0 |       0 |      25 |   0.0 |  1320
       Swamp:2 |       0 |   15510 |   0.0 |       0 |      43 |   0.0 |  1049
       Swamp:3 |       0 |   11541 |   0.0 |       0 |      31 |   0.0 |   964
       Swamp:4 |       0 |   32600 |   0.0 |       0 |      52 |   0.0 |  1213
      Spider:1 |       0 |   29618 |   0.0 |       0 |      74 |   0.0 |  1380
      Spider:2 |       0 |   21723 |   0.0 |       0 |      42 |   0.0 |  1403
      Spider:3 |       0 |   24659 |   0.0 |       0 |      49 |   0.0 |  2521
      Spider:4 |       0 |   38198 |   0.0 |       0 |      83 |   0.0 |  2001
         Orc:1 |       0 |    6444 |   0.0 |       0 |      37 |   0.0 |   818
         Orc:2 |       0 |   22748 |   0.0 |       0 |     143 |   0.0 |  2837
         Elf:1 |       0 |   30230 |   0.0 |       0 |      50 |   0.0 |  1338
         Elf:2 |       0 |   30890 |   0.0 |       0 |      40 |   0.0 |  1977
         Elf:3 |       0 |   54703 |   0.0 |       0 |      47 |   0.0 |  1759
      Vaults:1 |       0 |   29080 |   0.0 |       0 |      57 |   0.0 |  1523
      Vaults:2 |       0 |   58644 |   0.0 |       0 |     102 |   0.0 |  1897
      Vaults:3 |       0 |   68316 |   0.0 |       0 |      94 |   0.0 |  1825
      Vaults:4 |       0 |  131838 |   0.0 |       0 |     152 |   0.0 |  3612
      Vaults:5 |       0 |    6791 |   0.0 |       0 |       7 |   0.0 |   168
       Abyss:1 |     439 |       0 | 100.0 |       1 |       0 | 100.0 |    74
           Lab |       0 |    2864 |   0.0 |       0 |      11 |   0.0 |   527
       Ossuary |       0 |     360 |   0.0 |       0 |      33 |   0.0 |   501
        Bailey |       0 |    2415 |   0.0 |       0 |      26 |   0.0 |   497
         IceCv |       0 |   11852 |   0.0 |       0 |      53 |   0.0 |  1091
       Volcano |       0 |    4179 |   0.0 |       0 |      15 |   0.0 |   606
        WizLab |       0 |   11489 |   0.0 |       0 |      18 |   0.0 |   425
    Desolation |       0 |   41910 |   0.0 |       0 |      80 |   0.0 |  1254
               +---------+---------+-------+---------+---------+-------+---------
